Semilg, neutral female human Valkyrie - --- . ..| -.-----..| |...--...| ---......-- --.<@....G.| -..h......-- |..........f...-- -- --.|.--.--.-- ---- ------ Semilg the Skirmisher Experience level: 3 Strength: 18/02 Dexterity: 12 Constitution: 18 Intelligence: 9 Wisdom: 11 Charisma: 8 Health: 0(34) Energy: 9(9) Def: 7 Gold: 488 Moves: 1632 Dungeon seed: qNWcx68knqf53J9e Game ID: Semilg_1553370126 Your Inventory: Coins $ - 488 gold pieces Weapons a - 3 uncursed +2 spears (in quiver) b - 4 uncursed +0 daggers Armor e - an uncursed +3 small shield (being worn) n - an uncursed +0 leather armor (being worn) q - an uncursed +0 orcish helm (being worn) Comestibles d - 2 uncursed food rations t - an uncursed tripe ration Scrolls y - 3 uncursed scrolls of identify Spellbooks j - an uncursed spellbook of detect monsters Potions i - an uncursed potion of gain ability w - an uncursed potion of restore ability z - a cursed potion of speed Rings g - an uncursed ring of teleport control k - an uncursed +1 ring of gain strength (on right hand) v - a blessed +2 ring of gain strength (on left hand) A - an uncursed ring of sustain ability Wands c - an uncursed wand of cold (0:4) o - an uncursed wand of cold (0:4) u - an uncursed wand of lightning (0:5) x - an uncursed wand of undead turning (0:7) Tools f - an uncursed oil lamp (0:1196) s - an uncursed stethoscope Spells and supernatural/magical abilities: Name Level Category Fail Memory W - pray for help -- divine ? -- Your skills at the end: Miscellaneous Skills shield [Basic] wands [Basic] Weapon Skills dagger [Basic] spear [Basic] Spellcasting Skills Final Attributes: You were devoutly aligned. You were cold resistant. You were stunned. You were confused. You were very stealthy. You could fly. You are dead. Vanquished creatures: a fog cloud a gnome lord a kobold lord an iguana 2 geckos a cave spider a green mold a gnome zombie 5 newts 5 goblins 6 grid bugs 2 lichens 27 creatures vanquished. Voluntary challenges: You did not cause conflict. You were not invisible. You did not have reflection. You were not displaced. You were an atheist. You never hit with a wielded weapon. You did not use tools. You did not use plumbed fixtures. You did not drink any magical draughts. You were illiterate. You never genocided any monsters. You never polymorphed an object. You never changed form. You used no wishes. You never split a pudding. You never wrote Elbereth's name. You never violated your personal moral code. Dungeon overview: The Dungeons of Doom: levels 1 to 4 Level 1 a fountain a long staircase Level 2 an armor shop Level 3 stairs to The Gnomish Mines Level 4 The Gnomish Mines: Level 4 <- You were here stairs to The Dungeons of Doom History has recorded: On T:1 you entered the Dungeons of Doom to retrieve the Amulet of Yendor! On T:142 you reached level 2 of The Dungeons of Doom. On T:548 you advanced to experience level 2. On T:899 you reached level 3 of The Dungeons of Doom. On T:914 you advanced to experience level 3. On T:1186 you reached level 1 of The Gnomish Mines. On T:1521 you reached level 4 of The Dungeons of Doom. Score breakdown: Gold: 488 ( 48 points) Experience: 3 levels ( 200 points) Exploration: 4 levels ( 90 points) Discoveries: 1 item ( 50 points) Variety of kills: 12 monsters ( 600 points) Major goal: (nothing yet) ( 0 points) Survival: died (score multiplied by 3) Total score: 2964 Latest messages: The gnome lord misses Tigger. Tigger bites the gnome lord. The gnome lord is killed! You can't seem to think straight. The dwarf lord wields a dagger! You feel incredibly sick. The dwarf lord thrusts his dagger at you. The dwarf lord stabs you! The dwarf lord thrusts his dagger at you. The dwarf lord stabs you! Tigger yowls! You punch Tigger. You suddenly vomit! The dwarf lord thrusts his dagger at you. The dwarf lord stabs you! The dwarf lord thrusts his dagger at you. The dwarf lord stabs you! You're done throwing up. You attack thin air. The dwarf lord thrusts his dagger at you. The dwarf lord stabs you! You die... Final status: Farvel Semilg the Valkyrie, killed by a dwarf lord... You died in The Gnomish Mines on dungeon level 4 with 2964 points, and 488 pieces of gold, after 1632 moves. You were level 3 with a maximum of 34 hit points when you died.